[gd_scene load_steps=5 format=2]

[ext_resource path="res://scripts/MapFillLine.gd" type="Script" id=1]
[ext_resource path="res://scripts/MapView.gd" type="Script" id=2]
[ext_resource path="res://assets/ui/goal.png" type="Texture" id=3]
[ext_resource path="res://assets/ui/tree_00.svg" type="Texture" id=4]

[node name="MapView" type="Node2D"]
script = ExtResource( 2 )

[node name="BackgroundColor" type="ColorRect" parent="."]
margin_right = 1350.0
margin_bottom = 1080.0
color = Color( 0.517647, 0.92549, 0.207843, 1 )
__meta__ = {
"_edit_use_anchors_": false
}

[node name="LineBorder" type="Line2D" parent="."]
position = Vector2( 7.55566, 61.9983 )
points = PoolVector2Array( 242.651, 784.149, 575.276, 829.098, 844.971, 793.139, 885.425, 617.837, 623.221, 485.986, 677.161, 333.159, 1032.26, 180.331 )
width = 90.0
default_color = Color( 0.529412, 0.529412, 0.529412, 0.741176 )
joint_mode = 2
begin_cap_mode = 2
end_cap_mode = 2
antialiased = true

[node name="Line" type="Line2D" parent="."]
position = Vector2( 7.55566, 61.9983 )
points = PoolVector2Array( 242.651, 784.149, 575.276, 829.098, 844.971, 793.139, 885.425, 617.837, 623.221, 485.986, 677.161, 333.159, 1032.26, 180.331 )
width = 70.0
default_color = Color( 1, 1, 1, 1 )
joint_mode = 2
begin_cap_mode = 2
end_cap_mode = 2
antialiased = true

[node name="Fill" type="Line2D" parent="Line"]
points = PoolVector2Array( 242.651, 784.149, 575.276, 829.098, 844.971, 793.139, 885.425, 617.837, 623.221, 485.986, 677.161, 333.159, 1032.26, 180.331 )
width = 35.0
default_color = Color( 1, 0.301961, 0.141176, 1 )
joint_mode = 2
begin_cap_mode = 2
end_cap_mode = 2
antialiased = true
script = ExtResource( 1 )

[node name="goal" type="Sprite" parent="."]
modulate = Color( 1, 0.301961, 0.141176, 1 )
position = Vector2( 1037.53, 116.239 )
scale = Vector2( 0.381015, 0.381015 )
texture = ExtResource( 3 )

[node name="Trees" type="Node2D" parent="."]
modulate = Color( 0.129412, 0.490196, 0.219608, 1 )

[node name="tree_00" type="Sprite" parent="Trees"]
position = Vector2( 771.577, 697.925 )
scale = Vector2( 0.381015, 0.381015 )
texture = ExtResource( 4 )

[node name="tree_01" type="Sprite" parent="Trees"]
position = Vector2( 612.837, 731.26 )
scale = Vector2( 0.381015, 0.381015 )
texture = ExtResource( 4 )

[node name="tree_02" type="Sprite" parent="Trees"]
position = Vector2( 522.355, 570.933 )
scale = Vector2( 0.381015, 0.381015 )
texture = ExtResource( 4 )

[node name="tree_03" type="Sprite" parent="Trees"]
position = Vector2( 447.747, 685.226 )
scale = Vector2( 0.381015, 0.381015 )
texture = ExtResource( 4 )

[node name="tree_04" type="Sprite" parent="Trees"]
position = Vector2( 246.147, 682.051 )
scale = Vector2( 0.381015, 0.381015 )
texture = ExtResource( 4 )

[node name="tree_05" type="Sprite" parent="Trees"]
position = Vector2( 92.1696, 802.693 )
scale = Vector2( 0.381015, 0.381015 )
texture = ExtResource( 4 )

[node name="tree_06" type="Sprite" parent="Trees"]
position = Vector2( 163.603, 964.608 )
scale = Vector2( 0.381015, 0.381015 )
texture = ExtResource( 4 )

[node name="tree_07" type="Sprite" parent="Trees"]
position = Vector2( 350.916, 956.671 )
scale = Vector2( 0.381015, 0.381015 )
texture = ExtResource( 4 )

[node name="tree_08" type="Sprite" parent="Trees"]
position = Vector2( 596.963, 936.035 )
scale = Vector2( 0.381015, 0.381015 )
texture = ExtResource( 4 )

[node name="tree_09" type="Sprite" parent="Trees"]
position = Vector2( 796.976, 966.196 )
scale = Vector2( 0.381015, 0.381015 )
texture = ExtResource( 4 )

[node name="tree_10" type="Sprite" parent="Trees"]
position = Vector2( 944.604, 877.301 )
scale = Vector2( 0.381015, 0.381015 )
texture = ExtResource( 4 )

[node name="tree_11" type="Sprite" parent="Trees"]
position = Vector2( 1063.66, 958.259 )
scale = Vector2( 0.381015, 0.381015 )
texture = ExtResource( 4 )

[node name="tree_12" type="Sprite" parent="Trees"]
position = Vector2( 1231.92, 945.56 )
scale = Vector2( 0.381015, 0.381015 )
texture = ExtResource( 4 )

[node name="tree_13" type="Sprite" parent="Trees"]
position = Vector2( 1112.87, 797.931 )
scale = Vector2( 0.381015, 0.381015 )
texture = ExtResource( 4 )

[node name="tree_14" type="Sprite" parent="Trees"]
position = Vector2( 1243.04, 739.197 )
scale = Vector2( 0.381015, 0.381015 )
texture = ExtResource( 4 )

[node name="tree_15" type="Sprite" parent="Trees"]
position = Vector2( 1008.1, 672.527 )
scale = Vector2( 0.381015, 0.381015 )
texture = ExtResource( 4 )

[node name="tree_16" type="Sprite" parent="Trees"]
position = Vector2( 1096.99, 594.744 )
scale = Vector2( 0.381015, 0.381015 )
texture = ExtResource( 4 )

[node name="tree_17" type="Sprite" parent="Trees"]
position = Vector2( 855.709, 497.913 )
scale = Vector2( 0.381015, 0.381015 )
texture = ExtResource( 4 )

[node name="tree_18" type="Sprite" parent="Trees"]
position = Vector2( 755.703, 432.829 )
scale = Vector2( 0.381015, 0.381015 )
texture = ExtResource( 4 )

[node name="tree_19" type="Sprite" parent="Trees"]
position = Vector2( 989.051, 459.815 )
scale = Vector2( 0.381015, 0.381015 )
texture = ExtResource( 4 )

[node name="tree_20" type="Sprite" parent="Trees"]
position = Vector2( 1071.6, 299.487 )
scale = Vector2( 0.381015, 0.381015 )
texture = ExtResource( 4 )

[node name="tree_21" type="Sprite" parent="Trees"]
position = Vector2( 1220.81, 445.528 )
scale = Vector2( 0.381015, 0.381015 )
texture = ExtResource( 4 )

[node name="tree_22" type="Sprite" parent="Trees"]
position = Vector2( 900.156, 350.284 )
scale = Vector2( 0.381015, 0.381015 )
texture = ExtResource( 4 )

[node name="tree_23" type="Sprite" parent="Trees"]
position = Vector2( 1287.48, 536.01 )
scale = Vector2( 0.381015, 0.381015 )
texture = ExtResource( 4 )

[node name="tree_24" type="Sprite" parent="Trees"]
position = Vector2( 1273.2, 269.327 )
scale = Vector2( 0.381015, 0.381015 )
texture = ExtResource( 4 )

[node name="tree_25" type="Sprite" parent="Trees"]
position = Vector2( 1176.36, 185.195 )
scale = Vector2( 0.381015, 0.381015 )
texture = ExtResource( 4 )

[node name="tree_26" type="Sprite" parent="Trees"]
position = Vector2( 1249.38, 91.5379 )
scale = Vector2( 0.381015, 0.381015 )
texture = ExtResource( 4 )

[node name="tree_27" type="Sprite" parent="Trees"]
position = Vector2( 371.552, 588.394 )
scale = Vector2( 0.381015, 0.381015 )
texture = ExtResource( 4 )

[node name="tree_28" type="Sprite" parent="Trees"]
position = Vector2( 147.729, 616.968 )
scale = Vector2( 0.381015, 0.381015 )
texture = ExtResource( 4 )

[node name="tree_29" type="Sprite" parent="Trees"]
position = Vector2( 63.5964, 447.116 )
scale = Vector2( 0.381015, 0.381015 )
texture = ExtResource( 4 )

[node name="tree_30" type="Sprite" parent="Trees"]
position = Vector2( 260.434, 477.276 )
scale = Vector2( 0.381015, 0.381015 )
texture = ExtResource( 4 )

[node name="tree_31" type="Sprite" parent="Trees"]
position = Vector2( 458.859, 420.13 )
scale = Vector2( 0.381015, 0.381015 )
texture = ExtResource( 4 )

[node name="tree_32" type="Sprite" parent="Trees"]
position = Vector2( 574.739, 305.837 )
scale = Vector2( 0.381015, 0.381015 )
texture = ExtResource( 4 )

[node name="tree_33" type="Sprite" parent="Trees"]
position = Vector2( 358.853, 329.648 )
scale = Vector2( 0.381015, 0.381015 )
texture = ExtResource( 4 )

[node name="tree_34" type="Sprite" parent="Trees"]
position = Vector2( 177.889, 329.648 )
scale = Vector2( 0.381015, 0.381015 )
texture = ExtResource( 4 )

[node name="tree_35" type="Sprite" parent="Trees"]
position = Vector2( 79.4702, 158.209 )
scale = Vector2( 0.381015, 0.381015 )
texture = ExtResource( 4 )

[node name="tree_36" type="Sprite" parent="Trees"]
position = Vector2( 235.036, 134.398 )
scale = Vector2( 0.381015, 0.381015 )
texture = ExtResource( 4 )

[node name="tree_37" type="Sprite" parent="Trees"]
position = Vector2( 379.489, 143.922 )
scale = Vector2( 0.381015, 0.381015 )
texture = ExtResource( 4 )

[node name="tree_38" type="Sprite" parent="Trees"]
position = Vector2( 500.131, 167.733 )
scale = Vector2( 0.381015, 0.381015 )
texture = ExtResource( 4 )

[node name="tree_39" type="Sprite" parent="Trees"]
position = Vector2( 674.746, 170.908 )
scale = Vector2( 0.381015, 0.381015 )
texture = ExtResource( 4 )

[node name="tree_40" type="Sprite" parent="Trees"]
position = Vector2( 793.801, 107.412 )
scale = Vector2( 0.381015, 0.381015 )
texture = ExtResource( 4 )

[node name="tree_41" type="Sprite" parent="Trees"]
position = Vector2( 605.014, 23.5066 )
scale = Vector2( 0.381015, 0.381015 )
texture = ExtResource( 4 )

[node name="tree_42" type="Sprite" parent="Trees"]
position = Vector2( 858.228, 161.351 )
scale = Vector2( 0.381015, 0.381015 )
texture = ExtResource( 4 )

[node name="tree_43" type="Sprite" parent="Trees"]
position = Vector2( 308.349, 25.0049 )
scale = Vector2( 0.381015, 0.381015 )
texture = ExtResource( 4 )

[node name="tree_44" type="Sprite" parent="Trees"]
position = Vector2( 158.518, 57.9677 )
scale = Vector2( 0.381015, 0.381015 )
texture = ExtResource( 4 )

[node name="tree_45" type="Sprite" parent="Trees"]
position = Vector2( 934.641, 39.988 )
scale = Vector2( 0.381015, 0.381015 )
texture = ExtResource( 4 )

[node name="tree_46" type="Sprite" parent="Trees"]
position = Vector2( 930.146, 1091.8 )
scale = Vector2( 0.381015, 0.381015 )
texture = ExtResource( 4 )

[node name="tree_47" type="Sprite" parent="Trees"]
position = Vector2( 675.434, 1084.31 )
scale = Vector2( 0.381015, 0.381015 )
texture = ExtResource( 4 )

[node name="tree_48" type="Sprite" parent="Trees"]
position = Vector2( 443.197, 1054.34 )
scale = Vector2( 0.381015, 0.381015 )
texture = ExtResource( 4 )

[node name="tree_49" type="Sprite" parent="Trees"]
position = Vector2( 26.6673, 1039.36 )
scale = Vector2( 0.381015, 0.381015 )
texture = ExtResource( 4 )

[node name="tree_50" type="Sprite" parent="Trees"]
position = Vector2( 1159.39, 1052.84 )
scale = Vector2( 0.381015, 0.381015 )
texture = ExtResource( 4 )

[node name="tree_51" type="Sprite" parent="Trees"]
position = Vector2( 1349.67, 837.088 )
scale = Vector2( 0.381015, 0.381015 )
texture = ExtResource( 4 )

[node name="tree_52" type="Sprite" parent="Trees"]
position = Vector2( -1.80078, 633.318 )
scale = Vector2( 0.381015, 0.381015 )
texture = ExtResource( 4 )

[node name="tree_53" type="Sprite" parent="Trees"]
position = Vector2( -4.79739, 243.758 )
scale = Vector2( 0.381015, 0.381015 )
texture = ExtResource( 4 )
